[Event "Team 45 45 League T52"]
[Site "Internet Chess Club"]
[Date "2012.03.26"]
[Round "6"]
[White "stanbeers"]
[Black "mrmarck"]
[Result "1-0"]
[WhiteElo "1445"]
[BlackElo "1304"]
[Opening "QGD Slav defense"]
[ECO "D10"]
[Time "20:01:39"]
[TimeControl "2700+45"]

1. d4 d5 2. c4 c6 3. Nc3 Nf6 4. cxd5 cxd5 5. Bg5 e6 6. Nf3 Bb4 7. e3 O-O 8. Bd3
Nbd7 9. O-O a6 10. Qc2 Qe8 11. Ne2 Be7 12. a3 b5 13. Ne5 Bb7 14. Nxd7 Qxd7 15.
Bxf6 Bxf6 16. Bxh7+ Kh8 17. Bd3 g6 18. Nf4 Kg7 19. Qe2 e5 20. dxe5 Bxe5 21. Rac1
Rae8 22. Nh3 Rh8 23. f4 Rxh3 24. fxe5 Rh6 25. Qf3 Rxe5 26. Qf6+ Kf8 27. Qxe5 Qg4
{Black resigns} 1-0

[Event "Team 45 45 League T52"]
[Site "Internet Chess Club"]
[Date "2012.03.24"]
[Round "6"]
[White "PT105"]
[Black "Fogbound"]
[Result "1-0"]
[WhiteElo "1260"]
[BlackElo "1289"]
[Opening "Caro-Kann defense"]
[ECO "B11"]
[Time "15:00:34"]
[TimeControl "2700+45"]

1. e4 c6 2. Nc3 d5 3. exd5 cxd5 4. d4 Nc6 5. Bb5 Bf5 6. Nf3 Nf6 7. Ne5 h6 8.
Nxc6 bxc6 9. Bxc6+ Bd7 10. Bxa8 Qxa8 11. O-O e6 12. Bf4 Be7 13. Be5 Bc6 14. Qd3
a6 15. Rab1 h5 16. Qg3 Ng4 17. Bd6 Qd8 18. Bxe7 Qxe7 19. h3 Nf6 20. Qxg7 Rg8 21.
Qh6 Rg6 22. Qf4 Qd8 23. a4 Ke7 24. g3 Qd6 25. Qxd6+ Kxd6 26. b4 Nh7 27. b5 axb5
28. Nxb5+ Ke7 29. a5 Ng5 30. Kg2 Ne4 31. Rb4 Nd2 32. Ra1 Rf6 33. Nc3 Ne4 34.
Nxe4 dxe4 35. Kf1 e3 36. Ke2 Rxf2+ 37. Kxe3 Rf3+ 38. Kd2 Rxg3 39. a6 Rg2+ 40.
Kc3 Be4 41. Rc1 Rg3+ 42. Kb2 Rxh3 43. a7 Rg3 44. c4 Rg2+ 45. Ka1 Ba8 46. Rb8 Bc6
47. a8=Q Bxa8 48. Rxa8 Rg4 49. Rh8 h4 50. c5 Rxd4 51. c6 Ra4+ 52. Kb2 Rb4+ 53.
Ka3 Rb6 54. c7 Ra6+ 55. Kb4 Rb6+ 56. Ka5 {Black resigns} 1-0

[Event "Team 45 45 League T52"]
[Site "Internet Chess Club"]
[Date "2012.03.24"]
[Round "6"]
[White "rcddonovan"]
[Black "BrerRabbit"]
[Result "1-0"]
[WhiteElo "1440"]
[BlackElo "1476"]
[Opening "Pirc: Austrian attack, dragon formation"]
[ECO "B09"]
[Time "19:01:20"]
[TimeControl "2700+45"]

1. e4 d6 2. d4 Nf6 3. Nc3 g6 4. f4 Bg7 5. Nf3 c5 6. dxc5 Qa5 7. Bd3 Qxc5 8. Qe2
Bg4 9. Be3 Qa5 10. O-O Nc6 11. h3 Bxf3 12. Qxf3 O-O 13. a3 Rac8 14. b4 Qc7 15.
Rad1 Nd7 16. Nd5 Qd8 17. b5 Nd4 18. Qf2 Ne6 19. Bxa7 Ndc5 20. Bb6 Qd7 21. e5
Nxd3 22. Rxd3 Nc5 23. Bxc5 Rxc5 24. a4 Qe6 25. Ne3 dxe5 26. f5 Qa2 27. Rd7 Qxa4
28. Rxe7 Rxb5 29. fxg6 Qf4 30. Qd2 Qd4 31. Qxd4 exd4 32. gxf7+ Kh8 33. Nf5 Bf6
34. Re8 Bg7 35. Rf4 Rd5 36. Rg4 Rxf5 37. Rxf8+ Bxf8 38. Rg8# {Black checkmated}
1-0

[Event "Team 45 45 League T52"]
[Site "Internet Chess Club"]
[Date "2012.03.27"]
[Round "6"]
[White "PsyMar"]
[Black "kingsrook"]
[Result "1-0"]
[WhiteElo "1297"]
[BlackElo "1219"]
[Opening "Caro-Kann: Panov-Botvinnik attack"]
[ECO "B13"]
[Time "16:00:12"]
[TimeControl "2700+45"]

1. e4 c6 2. d4 d5 3. exd5 cxd5 4. c4 Nf6 5. Nc3 Nc6 6. Nf3 e6 7. Bg5 Be7 8. Be2
O-O 9. O-O Re8 10. Rc1 Qc7 11. Bxf6 Bxf6 12. cxd5 exd5 13. Nxd5 Qd6 14. Nxf6+
Qxf6 15. Re1 Rd8 16. Bb5 Ne7 17. Rc7 Nd5 18. Rc5 Be6 19. Qc1 Rac8 20. Rxc8 Rxc8
21. Qxc8+ Bxc8 22. Re8# {Black checkmated} 1-0

[Event "Team 45 45 League T52"]
[Site "Internet Chess Club"]
[Date "2012.03.22"]
[Round "6"]
[White "Aquaman"]
[Black "Skylab"]
[Result "1-0"]
[WhiteElo "1240"]
[BlackElo "1314"]
[Opening "Réti: King's Indian attack"]
[ECO "A05"]
[Time "15:00:56"]
[TimeControl "2700+45"]

1. Nf3 Nf6 2. g3 g6 3. Bg2 Bg7 4. O-O O-O 5. d3 d5 6. Nbd2 b6 7. Re1 Bb7 8. c3
Nbd7 9. Qc2 Re8 10. b4 Rc8 11. Bb2 c5 12. b5 a6 13. a4 e5 14. e4 dxe4 15. dxe4
axb5 16. axb5 c4 17. Bf1 Nc5 18. Rad1 Qc7 19. Nxc4 Ncxe4 20. Nfd2 Nxd2 21. Rxd2
Bd5 22. Ne3 Bb7 23. Red1 Ne4 24. Rd7 Qc5 25. Rxb7 Nxc3 26. Bxc3 Qxc3 27. Qxc3
Rxc3 28. Rxb6 Rec8 29. Rd7 R3c7 30. Rxc7 Rxc7 31. Rb8+ Bf8 32. b6 Rc1 33. Kg2
Kg7 34. Rb7 Rb1 35. Bc4 Bc5 36. Rxf7+ Kh6 37. b7 Rb2 38. Ng4+ Kg5 39. h3 h5 40.
Nxe5 Bd4 41. Nc6 {Black resigns} 1-0

[Event "Team 45 45 League T52"]
[Site "Internet Chess Club"]
[Date "2012.03.25"]
[Round "6"]
[White "Rodin7"]
[Black "RedAttack"]
[Result "1/2-1/2"]
[WhiteElo "1985"]
[BlackElo "1918"]
[Opening "English: Caro-Kann defensive system"]
[ECO "A12"]
[Time "10:00:45"]
[TimeControl "2700+45"]

1. Nf3 d5 2. c4 c6 3. b3 Nf6 4. g3 g6 5. Bg2 Bg7 6. Bb2 O-O 7. O-O Bg4 8. d4 Qc8
9. Re1 Bh3 10. Bh1 Nbd7 11. Nbd2 Re8 12. Ng5 Bf5 13. e4 dxe4 14. Ngxe4 Nxe4 15.
Bxe4 Nf6 16. Bxf5 Qxf5 17. Qf3 Qc2 18. Qc3 Qf5 19. Qf3 Qc2 20. Qc3 Qf5 {Game
drawn by mutual agreement} 1/2-1/2

[Event "Team 45 45 League T52"]
[Site "Internet Chess Club"]
[Date "2012.03.25"]
[Round "6"]
[White "Reeza"]
[Black "BuddyT"]
[Result "1-0"]
[WhiteElo "1911"]
[BlackElo "1743"]
[Opening "French: Winawer, advance, Bogolyubov variation"]
[ECO "C17"]
[Time "11:02:03"]
[TimeControl "2700+45"]

1. e4 e6 2. d4 d5 3. Nc3 Bb4 4. e5 c5 5. Bd2 Ne7 6. dxc5 Ng6 7. Qg4 d4 8. Ne4
Bxd2+ 9. Nxd2 Qd5 10. Ngf3 Nc6 11. Bb5 O-O 12. Bxc6 Qxc6 13. Qxd4 Bd7 14. h4
Rfd8 15. h5 Be8 16. Qc4 Ne7 17. h6 g6 18. Ne4 Nf5 19. Rd1 b5 20. Nf6+ Kh8 21.
Qc3 Ne7 22. Rd6 Nd5 23. Nxd5 Rxd6 24. exd6+ {Black resigns} 1-0

[Event "Team 45 45 League T52"]
[Site "Internet Chess Club"]
[Date "2012.03.24"]
[Round "6"]
[White "Terlizzi"]
[Black "frank001"]
[Result "1/2-1/2"]
[WhiteElo "1675"]
[BlackElo "1756"]
[Opening "Petrov: classical attack"]
[ECO "C42"]
[Time "23:01:22"]
[TimeControl "2700+45"]

1. e4 e5 2. Nf3 Nf6 3. Nxe5 d6 4. Nf3 Nxe4 5. d4 d5 6. Bd3 Nc6 7. O-O Be7 8. c3
Bg4 9. h3 Be6 10. Bf4 O-O 11. Qe2 f5 12. Ne5 Nxe5 13. Bxe5 c6 14. Nd2 Qd7 15.
Nf3 Rae8 16. Bf4 Bf6 17. Ne5 Qc8 18. Qc2 Qd8 19. b4 a6 20. a4 g5 21. Bc1 Bc8 22.
Nf3 h6 23. Nd2 Qd6 24. Nxe4 fxe4 25. Be2 Bd8 26. Bh5 Bc7 27. f4 gxf4 28. Bxf4
Rxf4 29. Bxe8 Bf5 30. Rxf4 Qxf4 31. g4 Bh7 32. Qf2 e3 33. Qxf4 Bxf4 34. Bd7 Bd3
35. Bf5 Bc4 36. Re1 Bg5 37. Kg2 e2 38. Kf3 Bd2 39. Rxe2 Bxe2+ 40. Kxe2 Bxc3 41.
Bc8 Bxb4 42. Bxb7 Kf7 43. Bxc6 Ke6 44. Kd3 a5 45. h4 Be7 46. h5 Bg5 {Game drawn
by mutual agreement} 1/2-1/2

[Event "Team 45 45 League T52"]
[Site "Internet Chess Club"]
[Date "2012.03.25"]
[Round "6"]
[White "GrandUnified"]
[Black "wrimle"]
[Result "1/2-1/2"]
[WhiteElo "1638"]
[BlackElo "1634"]
[Opening "Dutch with c4 & Nc3"]
[ECO "A85"]
[Time "15:00:22"]
[TimeControl "2700+45"]

1. c4 f5 2. Nc3 Nf6 3. d4 g6 4. g3 Bg7 5. Bg2 O-O 6. e3 d6 7. Nge2 e5 8. Qb3 c6
9. f4 e4 10. O-O Kh8 11. Bd2 Na6 12. a4 Rb8 13. Rfd1 Be6 14. Bf1 Nc7 15. Bc1 a6
16. d5 cxd5 17. cxd5 Bg8 18. a5 Nd7 19. Nd4 Nc5 20. Qa2 Qe7 21. Bc4 Qe8 22. Nb3
Nxb3 23. Qxb3 Qe7 24. Na4 g5 25. Nb6 gxf4 26. exf4 Na8 27. Na4 b5 28. axb6 Qb7
29. Be3 h6 30. Qb4 Rf6 31. Qa5 Rg6 32. Bxa6 Qe7 33. b7 Nc7 34. Ba7 Nxa6 35. Bxb8
Nxb8 36. Qa8 e3 37. Qxb8 e2 38. Qxg8+ Kxg8 39. b8=Q+ Kh7 40. Qb6 exd1=Q+ 41.
Rxd1 Qe2 42. Rf1 Qd2 43. Qb3 Bd4+ 44. Kh1 Qe2 45. Qf3 Qc2 46. b3 Rg7 47. Qd1
Qe4+ 48. Qf3 Qc2 49. Qd1 Qe4+ 50. Qf3 Qc2 {Game drawn by repetition} 1/2-1/2

[Event "Team 45 45 League T52"]
[Site "Internet Chess Club"]
[Date "2012.03.24"]
[Round "6"]
[White "barbak"]
[Black "JustinL"]
[Result "1-0"]
[WhiteElo "1952"]
[BlackElo "1872"]
[Opening "Robatsch (modern) defense"]
[ECO "B06"]
[Time "10:00:48"]
[TimeControl "2700+45"]

1. e4 g6 2. d4 Bg7 3. Nc3 d6 4. Be3 e6 5. Qd2 Ne7 6. Bd3 O-O 7. Nf3 f5 8. Bh6
Nbc6 9. h4 fxe4 10. Nxe4 Rxf3 11. gxf3 Nxd4 12. Be2 Nxc2+ 13. Qxc2 Bxh6 14. h5
Bg7 15. O-O-O Bd7 16. hxg6 Nxg6 17. Rdg1 Qf8 18. Ng5 Bh6 19. Kb1 Bxg5 20. Rxg5
Qe7 21. Rgh5 Bc6 22. Bd3 Bxf3 23. Bxg6 Bxh5 24. Rxh5 hxg6 25. Qxg6+ Qg7 26.
Qxe6+ Qf7 27. Rg5+ Kf8 28. Rf5 Qxf5+ 29. Qxf5+ Ke7 30. Qe4+ {Black resigns} 1-0

[Event "Team 45 45 League T52"]
[Site "Internet Chess Club"]
[Date "2012.03.22"]
[Round "6"]
[White "matein7"]
[Black "room-matt"]
[Result "1-0"]
[WhiteElo "1811"]
[BlackElo "1795"]
[Opening "QGA, 4.Nc3"]
[ECO "D24"]
[Time "16:01:37"]
[TimeControl "2700+45"]

1. d4 d5 2. c4 dxc4 3. Nf3 Nf6 4. Nc3 a6 5. a4 Nc6 6. e3 Na5 7. Ne5 c5 8. Be2 e6
9. Bh5 Nxh5 10. Qxh5 g6 11. Qf3 f6 12. Ne4 fxe5 13. Nf6+ Ke7 14. O-O cxd4 15.
exd4 Qxd4 16. Be3 Qd3 17. Ne4 Bg7 18. Rfd1 Nb3 19. Rxd3 cxd3 20. Bg5+ Ke8 21.
Qxd3 Nd4 22. Rc1 Kd7 23. Nf6+ Bxf6 24. Bxf6 Rd8 25. Re1 Rf8 26. Bxe5 Ke8 27.
Qxd4 Bd7 28. Qd6 Rc8 29. Rd1 Rf7 30. f4 Rc6 31. Qb8+ Bc8 32. b4 h6 33. b5 axb5
34. axb5 Rc2 35. b6 g5 36. Bc7 {Black resigns} 1-0

[Event "Team 45 45 League T52"]
[Site "Internet Chess Club"]
[Date "2012.03.26"]
[Round "6"]
[White "Duguesclin"]
[Black "Packerfan"]
[Result "1-0"]
[WhiteElo "1708"]
[BlackElo "1800"]
[Opening "Budapest: Fajarowicz variation"]
[ECO "A51"]
[Time "15:00:30"]
[TimeControl "2700+45"]

1. d4 Nf6 2. c4 e5 3. dxe5 Ne4 4. Nf3 Nc6 5. a3 d6 6. Qd5 Nc5 7. Bg5 Qd7 8. e3
dxe5 9. Nc3 Bd6 10. b4 Ne6 11. c5 Be7 12. Bxe7 Kxe7 13. Nxe5 Nxe5 14. Qxe5 c6
15. Rd1 Qc7 16. Qd6+ Ke8 17. Bc4 Bd7 18. O-O Rd8 19. Bxe6 Qxd6 20. Bxf7+ Kxf7
21. Rxd6 Be6 22. Rfd1 Ke7 23. Rxd8 Rxd8 24. Rxd8 Kxd8 25. f4 Ke7 26. Ne4 b6 27.
cxb6 axb6 28. h3 Bf5 29. Ng5 h6 30. Nf3 Kd6 31. Kf2 Kd5 32. Nd2 b5 33. Kf3 Bd7
34. e4+ Kd4 35. Nb3+ Kc3 36. Nc5 Bc8 37. f5 Kb2 38. a4 bxa4 39. Nxa4+ Kb3 40.
Nc5+ Kxb4 41. Ne6 Ba6 42. Nxg7 Kc5 43. g4 Kd6 44. Kf4 c5 45. e5+ Ke7 46. f6+ Kf7
47. Ke4 Bf1 48. h4 Bh3 49. g5 hxg5 50. hxg5 c4 51. Kd4 Bf1 52. e6+ Kg6 53. e7
{Black resigns} 1-0

[Event "Team 45 45 League T52"]
[Site "Internet Chess Club"]
[Date "2012.03.25"]
[Round "6"]
[White "SuperPeon"]
[Black "Paulkov"]
[Result "1-0"]
[WhiteElo "2232"]
[BlackElo "1993"]
[Opening "Sicilian, Chekhover variation"]
[ECO "B53"]
[Time "11:18:13"]
[TimeControl "2700+45"]

1. e4 c5 2. Nf3 d6 3. d4 cxd4 4. Qxd4 a6 5. c4 Nc6 6. Qe3 g6 7. h3 Bg7 8. Be2
Nf6 9. O-O O-O 10. Nc3 Nd7 11. Rb1 Nc5 12. Rd1 Be6 13. Bd2 a5 14. Nd5 f5 15.
exf5 Bxf5 16. Rbc1 Bxb2 17. Bc3 Bxc1 18. Qxc1 Ne4 19. Ba1 e6 20. Qb2 e5 21. Qxb7
Rc8 22. Ne3 Qf6 23. Nxf5 gxf5 24. Qb5 Ne7 25. a4 Rc5 26. Qd7 Nc6 27. Qb7 Nb4 28.
Nd2 Nc2 29. Bb2 Qh4 30. g3 Qf6 31. Bf3 Nxd2 32. Rxd2 Nd4 33. Bd5+ Kh8 34. Ba3
Rcc8 35. Qb6 f4 36. g4 f3 37. Qxd6 Qf4 38. Rxd4 Qxd4 39. Qe6 Rce8 40. Be7 e4 41.
Qh6 {Black forfeits on time} 1-0

[Event "Team 45 45 League T52"]
[Site "Internet Chess Club"]
[Date "2012.03.25"]
[Round "6"]
[White "ben622"]
[Black "Pacini"]
[Result "0-1"]
[WhiteElo "2009"]
[BlackElo "2139"]
[Opening "Sicilian: accelerated fianchetto, modern variation with Bc4"]
[ECO "B35"]
[Time "13:30:58"]
[TimeControl "2700+45"]

1. e4 c5 2. Nf3 g6 3. d4 cxd4 4. Nxd4 Bg7 5. Be3 Nc6 6. Nc3 Nf6 7. Bc4 O-O 8.
Bb3 d6 9. f3 Bd7 10. Qd2 Nxd4 11. Bxd4 b5 12. h4 a5 13. h5 e5 14. Be3 a4 15. Bd5
b4 16. Bxa8 bxc3 17. Qxc3 Qxa8 18. O-O-O Nxh5 19. Rxd6 Be6 20. a3 Ng3 21. Re1
Rc8 22. Qd2 Bf8 23. Rd3 Qa6 24. Rd8 Nf1 25. Qd1 Nxe3 26. Rxe3 Rxd8 27. Qxd8 Qf1+
28. Kd2 Qxg2+ 29. Kc3 h5 30. b4 axb3 31. cxb3 Qa2 32. Qb8 Qxa3 33. Rd3 Qc5+ 34.
Kb2 h4 35. Qd8 h3 36. Qh4 Qa3+ 37. Kb1 Bxb3 38. Qf2 Ba2+ 39. Kc2 Bb1+ {White
resigns} 0-1

[Event "Team 45 45 League T52"]
[Site "Internet Chess Club"]
[Date "2012.03.26"]
[Round "6"]
[White "kidviper"]
[Black "cesaralexander"]
[Result "1/2-1/2"]
[WhiteElo "2004"]
[BlackElo "1922"]
[Opening "French: exchange variation"]
[ECO "C01"]
[Time "09:05:48"]
[TimeControl "2700+45"]

1. e4 e6 2. d4 d5 3. exd5 exd5 4. Bd3 Bd6 5. Nf3 Nc6 6. O-O Bg4 7. c3 Nge7 8.
Nbd2 Qd7 9. Re1 h6 10. Nf1 O-O-O 11. b4 g5 12. Ng3 Kb8 13. Be2 Nf5 14. Nxf5 Qxf5
15. Be3 Qg6 16. Ne5 Nxe5 17. dxe5 Bxe2 18. Qxe2 Bxe5 19. Bxa7+ Kxa7 20. Qxe5 Qd6
21. Qd4+ Kb8 22. Re3 Rhe8 23. Rae1 Rxe3 24. Rxe3 Qa6 25. Qd2 f5 26. h3 g4 27.
hxg4 fxg4 28. Rd3 Qd6 29. Rd4 g3 30. Rf4 Qg6 31. fxg3 Qxg3 32. Rf3 Qg6 33. Qd3
Qd6 34. Kf2 Qe7 35. Qe3 Qh4+ 36. Kg1 Rg8 37. Qf2 Qg5 38. Rf8+ Rxf8 39. Qxf8+ Ka7
40. Qc5+ Kb8 41. a4 Qc1+ 42. Kh2 Qf4+ 43. g3 Qd2+ 44. Kh3 h5 45. Qd4 Qe1 46.
Qxd5 Qxc3 47. Qe4 Qb2 48. b5 Qa1 49. Kh4 Qd1 50. a5 Qd7 51. b6 cxb6 52. Qf4+ Ka7
53. axb6+ Kxb6 54. Kxh5 Qh7+ 55. Qh6+ Qxh6+ 56. Kxh6 Kc5 57. g4 b5 58. g5 b4 59.
g6 b3 60. g7 b2 61. g8=Q b1=Q {Game drawn by mutual agreement} 1/2-1/2

[Event "Team 45 45 League T52"]
[Site "Internet Chess Club"]
[Date "2012.03.24"]
[Round "6"]
[White "room-matt"]
[Black "loudoun"]
[Result "0-1"]
[WhiteElo "1778"]
[BlackElo "1788"]
[Opening "Queen's pawn game"]
[ECO "A45"]
[Time "16:11:27"]
[TimeControl "2700+45"]

1. d4 Nf6 2. Nc3 c5 3. d5 e5 4. Bg5 d6 5. e4 a6 6. Nf3 g6 7. Qd2 h6 8. Be3 Ng4
9. O-O-O Nxe3 10. Qxe3 Bg7 11. h3 b5 12. g4 h5 13. g5 Qa5 14. Kb1 Nd7 15. Bg2
O-O 16. Rhg1 Rb8 17. Rd2 b4 18. Ne2 c4 19. b3 c3 20. Rd3 Nc5 21. Rdd1 Nxe4 22.
Ka1 Qa3 23. Rb1 Rb5 24. Nc1 Nd2 25. Nxd2 cxd2 26. Be4 Bf5 27. Ne2 Rc8 28. Qd3
Rxd5 29. Qxd5 Bxe4 30. Qxe4 d5 31. Qxd5 e4+ 32. c3 bxc3 {White resigns} 0-1

[Event "Team 45 45 League T52"]
[Site "Internet Chess Club"]
[Date "2012.03.29"]
[Round "6"]
[White "SlimeDog2"]
[Black "NFork"]
[Result "1-0"]
[WhiteElo "2139"]
[BlackElo "2187"]
[Opening "QGD Slav: Carlsbad variation"]
[ECO "D17"]
[Time "02:31:34"]
[TimeControl "2700+45"]

1. d4 d5 2. c4 c6 3. Nf3 Nf6 4. Nc3 dxc4 5. a4 Bf5 6. Ne5 Nbd7 7. Nxc4 Qc7 8. g3
e5 9. dxe5 Nxe5 10. Bf4 Rd8 11. Qc1 Nfd7 12. Qe3 f6 13. Rd1 Be7 14. Bg2 O-O 15.
O-O Bc5 16. Rxd7 {Black resigns} 1-0

[Event "Team 45 45 League T52"]
[Site "Internet Chess Club"]
[Date "2012.03.23"]
[Round "6"]
[White "Logos1"]
[Black "cysk"]
[Result "1/2-1/2"]
[WhiteElo "2009"]
[BlackElo "1759"]
[Opening "Scandinavian: Pytel-Wade variation"]
[ECO "B01"]
[Time "22:38:55"]
[TimeControl "2700+45"]

1. e4 d5 2. exd5 Qxd5 3. Nc3 Qd6 4. d4 Nf6 5. Nf3 a6 6. Ne5 Nc6 7. Nxc6 Qxc6 8.
d5 Qd6 9. Be2 e6 10. dxe6 Qxd1+ 11. Bxd1 Bxe6 12. Bf3 O-O-O 13. Bg5 h6 14. Bxf6
gxf6 15. O-O f5 16. Rad1 Bd6 17. Nd5 c6 18. Ne3 f4 19. Ng4 Bxa2 20. b3 f5 21.
Ra1 Bxb3 22. cxb3 fxg4 23. Bxg4+ Kc7 24. Bf3 h5 25. Rfd1 h4 26. h3 Be5 27. Rxd8
Rxd8 28. Rd1 Rxd1+ 29. Bxd1 b5 30. Kf1 Kd6 31. Ke2 c5 32. Kf3 Kd5 33. Kg4 c4 34.
Kxh4 cxb3 35. Bxb3+ Kc5 36. Kg4 a5 37. Kf5 a4 38. Bc2 Kd5 39. h4 a3 40. Bb3+ Kd4
41. h5 Kc3 42. Be6 Bd4 43. Kxf4 Bxf2 44. g4 Bd4 45. g5 b4 46. g6 b3 47. Bxb3
Kxb3 48. h6 a2 49. g7 a1=Q 50. g8=Q+ Kc3 51. Qc8+ Kd2 52. Qc4 Be3+ 53. Ke4 Qh1+
54. Kf5 Qh5+ 55. Ke6 Qxh6+ 56. Kd7 Qg7+ 57. Kc6 Qf6+ 58. Kd7 Qd4+ 59. Qxd4+ Bxd4
{Game drawn because neither player has mating material} 1/2-1/2

[Event "Team 45 45 League T52"]
[Site "Internet Chess Club"]
[Date "2012.03.25"]
[Round "6"]
[White "katikus"]
[Black "kasperloff"]
[Result "0-1"]
[WhiteElo "1803"]
[BlackElo "1918"]
[Opening "Caro-Kann: Panov-Botvinnik attack, 5...g6"]
[ECO "B14"]
[Time "10:00:57"]
[TimeControl "2700+45"]

1. e4 c6 2. d4 d5 3. exd5 cxd5 4. c4 Nf6 5. Nc3 g6 6. Qb3 Bg7 7. cxd5 O-O 8. Nf3
Nbd7 9. Bg5 Nb6 10. Bxf6 Bxf6 11. Be2 Bf5 12. O-O Qd6 13. Rfe1 Rfd8 14. Ne5 Bxe5
15. dxe5 Qxe5 16. Bf3 Qf6 17. Rad1 g5 18. d6 Rxd6 19. Bxb7 Rb8 20. Ne4 Bxe4 21.
Bxe4 Nd7 22. Rxd6 exd6 23. Qc3 Rxb2 24. Qc8+ Nf8 25. Rf1 Rxa2 26. Bxh7+ Kxh7 27.
Qxf8 a5 28. Qa8 a4 29. Qe4+ Kg7 30. Qb1 Rb2 31. Qd3 Qe5 32. Qa3 Qd4 33. Qf3 Rb3
34. Qh5 Qe5 35. Qd1 d5 36. Re1 Qc3 37. h3 d4 38. Re5 Kf6 39. Rd5 Rb4 40. Qh5
Qc1+ 41. Kh2 Qf4+ {White resigns} 0-1

[Event "Team 45 45 League T52"]
[Site "Internet Chess Club"]
[Date "2012.03.25"]
[Round "6"]
[White "tenor"]
[Black "musk6868"]
[Result "1-0"]
[WhiteElo "1787"]
[BlackElo "1835"]
[Opening "Sicilian: accelerated fianchetto, modern variation"]
[ECO "B34"]
[Time "20:30:23"]
[TimeControl "2700+45"]

1. e4 c5 2. Nf3 Nc6 3. d4 cxd4 4. Nxd4 g6 5. Nc3 Bg7 6. Be3 Nf6 7. Be2 O-O 8.
O-O d5 9. exd5 Nxd5 10. Nxd5 Qxd5 11. Bf3 Qd6 12. Nxc6 bxc6 13. Qxd6 exd6 14.
Bxc6 Rb8 15. Rab1 Bf5 16. Ba4 Rxb2 17. Rxb2 Bxb2 18. Bb3 a6 19. Rd1 Ba3 20. h3
Rc8 21. c4 a5 22. Bf4 Rc6 23. Rd5 Bc5 24. Ba4 Rb6 25. Bb5 a4 26. Bxa4 Be6 27.
Rd2 Bxc4 28. Bb3 Bxb3 29. axb3 Kf8 30. Re2 Kg7 31. Rb2 Kf6 32. Kf1 Kf5 33. Bd2
Ke4 34. Ke2 d5 35. f3+ Ke5 36. Kd3 Kd6 37. b4 Kc6 38. Bc3 Be7 39. g4 Kb5 40. Re2
Re6 41. Rb2 Rc6 42. Bd2 Rc4 43. Rb1 Bxb4 44. Rxb4+ Rxb4 45. Bxb4 Kxb4 46. Kd4 g5
47. Kxd5 Kc3 48. Ke5 Kd3 49. f4 gxf4 50. Kxf4 Ke2 51. h4 Kf2 52. h5 Kg2 53. g5
Kh3 54. Kf5 Kh4 55. h6 Kh5 56. Kf6 Kg4 57. Kg7 Kxg5 58. Kxh7 f5 59. Kg7 f4 60.
h7 f3 61. h8=Q Kf4 62. Qh1 Ke3 63. Qf1 f2 64. Kf6 Kf3 65. Kf5 Ke3 66. Kg4 {Black
resigns} 1-0

[Event "Team 45 45 League T52"]
[Site "Internet Chess Club"]
[Date "2012.03.27"]
[Round "6"]
[White "Constrictor"]
[Black "moomaster"]
[Result "1-0"]
[WhiteElo "1754"]
[BlackElo "1641"]
[Opening "Grünfeld: 5.Bf4"]
[ECO "D92"]
[Time "20:09:45"]
[TimeControl "2700+45"]

1. Nf3 Nf6 2. d4 g6 3. c4 Bg7 4. Nc3 d5 5. Bf4 c6 6. e3 O-O 7. Be2 Nbd7 8. O-O
dxc4 9. Bxc4 Nb6 10. Be2 Nbd5 11. Bg3 Nxc3 12. bxc3 Ne4 13. Rc1 Nxg3 14. fxg3
Qa5 15. Bc4 h6 16. Qb3 e6 17. Rf2 a6 18. Rcf1 b5 19. Bd3 c5 20. c4 bxc4 21. Qxc4
cxd4 22. Nxd4 Bb7 23. Nxe6 Bd5 24. Qc7 Qa3 25. Nxf8 Rxf8 26. Bc4 Qc3 27. Rxf7
Rxf7 28. Rxf7 Bxc4 29. Rxg7+ Kh8 30. Rh7+ Kg8 31. h4 Qxe3+ 32. Kh2 Qc3 33. Rd7
Bf7 34. Qxc3 g5 35. Qc7 Bxa2 36. Rg7+ Kf8 37. Qe7# {Black checkmated} 1-0

[Event "Team 45 45 League T52"]
[Site "Internet Chess Club"]
[Date "2012.03.24"]
[Round "6"]
[White "FractalDante"]
[Black "dpmdpm"]
[Result "1-0"]
[WhiteElo "1529"]
[BlackElo "1467"]
[Opening "Sicilian: Najdorf"]
[ECO "B90"]
[Time "09:04:53"]
[TimeControl "2700+45"]

1. e4 c5 2. Nf3 d6 3. d4 cxd4 4. Nxd4 Nf6 5. Nc3 a6 6. Bd3 e5 7. Nf3 b5 8. O-O
Be7 9. Be3 O-O 10. h3 Bb7 11. b4 Qc7 12. Bd2 d5 13. Nxd5 Nxd5 14. exd5 Bxd5 15.
Re1 Nc6 16. a3 Bf6 17. Be4 Rfd8 18. Qe2 Bxe4 19. Qxe4 Nd4 20. Nxd4 Rxd4 21.
Qxa8+ {Black resigns} 1-0

[Event "Team 45 45 League T52"]
[Site "Internet Chess Club"]
[Date "2012.03.26"]
[Round "6"]
[White "monkhammer"]
[Black "BosqueVerde"]
[Result "1-0"]
[WhiteElo "1408"]
[BlackElo "1216"]
[Opening "Hungarian defense"]
[ECO "C50"]
[Time "20:01:38"]
[TimeControl "2700+45"]

1. e4 e5 2. Nf3 Nc6 3. Bc4 Be7 4. d4 Nxd4 5. Nxd4 exd4 6. Qxd4 Nf6 7. Nc3 O-O 8.
Bf4 c5 9. Qd2 b6 10. Bd5 Nxd5 11. Qxd5 Rb8 12. Bxb8 d6 13. Bxa7 Ba6 14. Qc6 Bf6
15. Bxb6 Qe7 16. O-O-O Bd4 17. f3 Bc4 18. Kb1 Rc8 19. Qxc8+ {Black resigns} 1-0

[Event "Team 45 45 League T52"]
[Site "Internet Chess Club"]
[Date "2012.03.23"]
[Round "6"]
[White "spongenotbob"]
[Black "badmove"]
[Result "0-1"]
[WhiteElo "1704"]
[BlackElo "1653"]
[Opening "Nimzo-Indian: three knights variation"]
[ECO "E21"]
[Time "16:55:33"]
[TimeControl "2700+45"]

1. d4 Nf6 2. c4 e6 3. Nc3 Bb4 4. Nf3 O-O 5. Bg5 c5 6. e3 h6 7. Bh4 cxd4 8. exd4
Qa5 9. Qd3 Ne4 10. Rc1 d5 11. cxd5 exd5 12. Qb5 Bxc3+ 13. bxc3 Qxa2 14. Bd3 a6
15. Qb4 Nc6 16. Qb6 Qa3 17. O-O Nxc3 18. Ra1 Qd6 19. Bg3 Qf6 20. Qc5 Ne4 21.
Qxd5 Nxg3 22. fxg3 Nb4 23. Qc4 Nxd3 24. Qxd3 Qd6 25. Ne5 Be6 26. Rab1 b5 27.
Rfc1 Rac8 28. Rd1 Rfd8 29. Nf3 Qd5 30. Ra1 Qd6 31. Rac1 Bg4 32. Qe4 Rxc1 33.
Rxc1 Bxf3 34. gxf3 Qxd4+ 35. Qxd4 Rxd4 36. Ra1 Ra4 37. Rb1 b4 38. Kf2 a5 39. Ke3
Ra3+ 40. Ke4 Rc3 41. f4 g6 42. Kd4 Rc2 43. h4 Rc3 44. g4 Rf3 45. Ke4 Rh3 46. g5
Rxh4 47. gxh6 g5 48. Ra1 Rxf4+ 49. Ke5 f6+ 50. Ke6 Kh7 51. Rxa5 Kxh6 52. Kf7 Kh5
53. Ke6 Kg4 54. Ra1 Kf3 55. Kd5 Ke2 56. Ra2+ Kd1 57. Rg2 Kc1 58. Rg1+ Kb2 59.
Rg2+ Ka3 60. Rg3+ b3 {White resigns} 0-1

[Event "Team 45 45 League T52"]
[Site "Internet Chess Club"]
[Date "2012.03.24"]
[Round "6"]
[White "houseofcook"]
[Black "tworivers"]
[Result "1-0"]
[WhiteElo "1529"]
[BlackElo "1445"]
[Opening "Scandinavian defense"]
[ECO "B01"]
[Time "10:00:31"]
[TimeControl "2700+45"]

1. e4 d5 2. exd5 Nf6 3. d4 Qxd5 4. Nc3 Qd8 5. Nf3 Nc6 6. Be3 e6 7. a3 a6 8. Bc4
Be7 9. O-O Nd5 10. Qd2 h6 11. Rfe1 Nxe3 12. Qxe3 O-O 13. Rad1 Na5 14. Ba2 c6 15.
b4 Bd7 16. bxa5 Qxa5 17. Ne5 Qc7 18. a4 Rad8 19. Ne4 Qa5 20. Bb3 Bb4 21. c3 Be7
22. Nc4 Qc7 23. a5 f5 24. Nc5 Rf6 25. f4 Bxc5 26. dxc5 Kh7 27. Qe5 Qxe5 28. Nxe5
{Black resigns} 1-0

[Event "Team 45 45 League T52"]
[Site "Internet Chess Club"]
[Date "2012.03.26"]
[Round "6"]
[White "medsurg"]
[Black "MateIn42"]
[Result "1-0"]
[WhiteElo "1429"]
[BlackElo "1391"]
[Opening "Grünfeld: 5.Bf4"]
[ECO "D92"]
[Time "20:00:25"]
[TimeControl "2700+45"]

1. d4 d5 2. c4 g6 3. Nf3 Bg7 4. Nc3 Nf6 5. Bf4 h6 6. Nb5 g5 7. Bxc7 Qd7 8. Be5
Na6 9. e3 Nh5 10. Bxg7 Nxg7 11. Ne5 Qd8 12. a3 f6 13. Ng6 Rg8 14. h4 h5 15. hxg5
fxg5 16. Rc1 Bf5 17. Bd3 e6 18. Ne5 dxc4 19. Bxf5 Qa5+ 20. Nc3 Nxf5 21. Qxh5+
Kd8 22. Qf7 Ne7 23. Qxe6 Nb8 24. Rh7 Re8 25. Qd6+ {Black resigns} 1-0